 Dungeon Crawl Stone Soup version 0.26.1-11-gd32895ea62 (webtiles) character file.

Game seed: 8232516195434783995

468 infcreate the Grave Robber (level 6, -2/36 HPs)
             Began as a Vampire Necromancer on May 19, 2021.
             Slain by Ijyb (6 damage)
             ... on level 5 of the Dungeon.
             The game lasted 00:19:41 (6146 turns).

infcreate the Grave Robber (Vampire Necromancer)    Turns: 6146, Time: 00:19:42

Health: -2/36      AC:  4    Str:  7    XL:     6   Next: 81%
Magic:  0/10       EV: 14    Int: 18    God:
Gold:   321        SH:  0    Dex: 16    Spells: 2/11 levels left

rFire    . . .     SeeInvis +   f - +0 dagger
rCold    + + .     Faith    .   (no shield)
rNeg     + + +     Spirit   .   a - +0 robe
rPois    ∞         Reflect  .   i - +1 helmet
rElec    .         Harm     .   (no cloak)
rCorr    .         Rampage  .   (no gloves)
Will     .....                  (no boots)
Stlth    +++++.....             g - amulet of regeneration
HPRegen  0.00/turn              (no ring)
MPRegen  0.12/turn              (no ring)

@: bloodless
A: fangs 3, see invisible, unbreathing
a: Bat Form, Revivify


You were on level 5 of the Dungeon.
You visited 1 branch of the dungeon, and saw 5 of its levels.

You collected 321 gold pieces.


Innate Abilities, Weirdness & Mutations

You do not regenerate when monsters are visible.
You are frail without blood (-20% HP).
You can heal yourself when you bite living creatures.
You are immune to poison.
You have razor-sharp teeth.
You have supernaturally acute eyesight. (SInv)
You can survive without breathing.


   Skills:
 + Level 2.3 Fighting
 + Level 2.7 Short Blades
 + Level 3.9 Dodging
 + Level 5.3 Stealth
 + Level 3.2 Spellcasting
 + Level 5.4 Necromancy


You had 2 spell levels left.
You knew the following spells:

 Your Spells              Type           Power        Failure   Level
a - Animate Skeleton      Necr           44%          1%          1
d - Animate Dead          Necr           11%          17%         4
p - Pain                  Necr           88%          1%          1
v - Vampiric Draining     Necr           11%          4%          3

Your spell library contained the following spells:

 Spells                   Type           Power        Failure   Level
 Agony                    Necr           22%          43%         5

Inventory:

Hand Weapons
 f - a +0 dagger (weapon)
Armour
 a - a +0 robe (worn)
 i - a +1 helmet (worn)
Jewellery
 g - an amulet of regeneration (around neck)
Scrolls
 b - 2 scrolls of identify {@r1}
 d - a scroll of remove curse {@r2}
 h - a scroll of teleportation {@r4}
 j - a scroll of fear
 m - a scroll of blinking
Potions
 c - 2 potions of magic
 e - a potion of brilliance {unknown}
 k - a potion of attraction
 l - a potion of resistance {unknown}
 p - 2 potions of invisibility
 q - 2 potions of curing {unknown}
 r - 2 potions of heal wounds {@q2}
 s - 3 potions of lignification {unknown}

Dungeon Overview and Level Annotations

Branches:
Dungeon (5/15)
 Temple: D:4-7

Altars:
Ashenzari
Elyvilon
Gozag
Makhleb
Nemelex Xobeh
Uskayaw
Vehumet
The Shining One

Annotations:
D:5 Ijyb

# # ... #.. #
.... ###..###
#.# .....
..#..... ..#
..>.. #.#....#
###
....##.##.#.# #
..#
#l#.......#.##.#
#.#
#.##.#.##.@....#
#.#
#......####g####
#.# #..........#
..# ##...#######
### ##.##
##########.#
...........#
############


You could see Ijyb (berserk).


Message History

Ijyb is almost dead.
Ijyb hits you.
* * * LOW HITPOINT WARNING * * *
You hit Ijyb.
Ijyb is almost dead.
Ijyb barely misses you. Ijyb hits you.
* * * LOW HITPOINT WARNING * * *
Unknown command.
You completely miss Ijyb.
Ijyb is almost dead.
Ijyb barely misses you.
You hit Ijyb but do no damage. Your bite misses Ijyb.
Ijyb is almost dead.
Ijyb misses you. x2
You barely miss Ijyb. Your bite misses Ijyb.
Ijyb is almost dead.
Ijyb hits you.
* * * LOW HITPOINT WARNING * * *
You are too injured to fight recklessly!
Casting: Pain (safe; 1% risk of failure)
Confirm with . or Enter, or press ? or * to list all spells.
Aiming: Pain (safe; 1% risk of failure)
Press: ? - help, Shift-Dir - straight line, f/p - Ijyb
Aim: Ijyb, wearing a +1 leather armour of willpower and carrying a wand of disintegration (12) (almost dead, berserk, chance to affect: 59%) Ijyb writhes in agony.
Ijyb closely misses you. Ijyb misses you. Ijyb barely misses you.
Ijyb hits you.
* * * LOW HITPOINT WARNING * * *
Ijyb hits you.
You die...

Skill      XL: |  1  2  3  4  5  6 |
---------------+-------------------+-----
Fighting       | 1 2 |  2.3
Short Blades   | 1 2 |  2.7
Dodging        | 3 |  3.9
Stealth        | 4 5 |  5.3
Necromancy     | 5 |  5.4
Spellcasting   | 3 |  3.2

Action                   |  1- 3 |  4- 6 || total
-------------------------+-------+-------++-------
Melee: Unarmed           |     5 |       ||     5
       Short sword       |    11 |       ||    11
       Bite              |     3 |     3 ||     6
       Dagger            |    23 |    52 ||    75
 Cast: Pain              |    78 |    73 ||   151
       Vampiric Draining |       |    10 ||    10
 Abil: Exsanguinate      |     1 |       ||     1
  Use: Scroll            |     5 |    10 ||    15
 Stab: Sleeping          |     7 |    16 ||    23
Armor: Robe              |    21 |    12 ||    33
Dodge: Dodged            |    61 |    48 ||   109

Levels and vault maps discovered:
D:1:      elethiomel_arrival_maze, layout_loops_ring
D:2:      layout_loops_ring, evilmike_ruin_ashenzari
D:3:      layout_rooms, lemuel_crystal_altar, minivault_4
D:4:      layout_loops_ring, minmay_overflow_temple_star_hex,
          kennysheep_mini_moat, uniq_edmund, uniq_duvessa
D:5:      layout_loops_cross, old_standard_altar, serial_shops, shop, uniq_ijyb

Notes
Turn   | Place    | Note
-------+----------+-------------------------------------------
     0 | D:1      | infcreate the Vampire Necromancer began the quest for the
                  | Orb.
     0 | D:1      | Reached XP level 1. HP: 13/13 MP: 3/3
   152 | D:1      | Learned a level 1 spell: Animate Skeleton
   421 | D:1      | Reached XP level 2. HP: 16/16 MP: 3/5
  1004 | D:1      | Reached XP level 3. HP: 18/20 MP: 3/6
  1008 | D:1      | Learned a level 3 spell: Vampiric Draining
  1304 | D:2      | Reached skill level 1 in Fighting
  3445 | D:2      | Reached skill level 1 in Short Blades
  3445 | D:2      | Reached XP level 4. HP: 25/25 MP: 7/7
  3561 | D:2      | Found a broken altar of Ashenzari.
  3565 | D:2      | Reached skill level 3 in Dodging
  3565 | D:2      | Reached skill level 4 in Stealth
  3983 | D:3      | Found a hide-covered altar of Uskayaw.
  4804 | D:4      | Noticed Edmund
  5147 | D:4      | Found a burning altar of Makhleb.
  5147 | D:4      | Found a white marble altar of Elyvilon.
  5147 | D:4      | Found an opulent altar of Gozag.
  5159 | D:4      | Found a radiant altar of Vehumet.
  5159 | D:4      | Found a sparkling altar of Nemelex Xobeh.
  5226 | D:4      | Reached XP level 5. HP: 29/29 MP: 9/9
  5233 | D:4      | Learned a level 4 spell: Animate Dead
  5235 | D:4      | Found a glowing golden altar of the Shining One.
  5385 | D:4      | Reached skill level 5 in Necromancy
  5647 | D:4      | Noticed Duvessa
  5661 | D:4      | Noticed Dowan
  5758 | D:4      | Killed Duvessa
  5759 | D:4      | Reached skill level 2 in Fighting
  5759 | D:4      | Reached skill level 2 in Short Blades
  5759 | D:4      | Reached skill level 3 in Spellcasting
  5759 | D:4      | Reached XP level 6. HP: 19/35 MP: 1/10
  5930 | D:4      | Killed Dowan
  5931 | D:4      | Reached skill level 5 in Stealth
  6014 | D:4      | Killed Edmund
  6067 | D:5      | Entered Level 5 of the Dungeon
  6114 | D:5      | Noticed Ijyb
  6146 | D:5      | Slain by Ijyb

Vanquished Creatures
  Edmund (D:4)
  Duvessa (D:4)
  Dowan (D:4)
  A bullfrog zombie (D:2)
  2 worker ants (D:4)
  4 adders
  An ooze (D:4)
  4 worms
  3 dart slugs
  2 leopard geckos (D:1)
  7 bats
  7 giant cockroaches
  4 goblins
  7 hobgoblins
  2 quokkas
  6 frilled lizards
  5 kobolds
  A quokka skeleton (D:4)
  8 rats
67 creatures vanquished.

Table legend: (Time is in decaauts)
 A = Elapsed time spent in this place.
 B = Non-inter-level travel time spent in this place.
 C = Inter-level travel time spent in this place.
 D = Time resting spent in this place.
 E = Time spent auto-exploring this place.
 F = Levels seen in this place.
 G = Mean time per level.
                   A        B        C        D        E       F      G
               +--------+--------+--------+--------+--------+-----+--------+
         Total |   6159 |   5577 |    582 |   2726 |      0 |   5 | 1231.8 |
       Dungeon |   6159 |   5577 |    582 |   2726 |      0 |   5 | 1231.8 |
               +--------+--------+--------+--------+--------+-----+--------+

Top non-repeatable levels by time:
     D:1: 2838 daAuts
     D:2: 1404 daAuts
     D:4: 1142 daAuts
     D:3: 697 daAuts
     D:5: 77 daAuts

Table legend:
 A = Non-vault XP
 B = Vault XP
 C = Vault XP percentage of total XP
 D = Non-vault monster count
 E = Vault monster count
 F = Vault count percentage of total count
                 A         B        C        D         E       F
            +---------+---------+-------+---------+---------+-------
      Total |     279 |     390 |  58.3 |      64 |       3 |   4.5
            +---------+---------+-------+---------+---------+-------
        D:1 |      47 |       0 |   0.0 |      24 |       0 |   0.0
        D:2 |      91 |       0 |   0.0 |      16 |       0 |   0.0
        D:3 |      40 |       0 |   0.0 |      16 |       0 |   0.0
        D:4 |     101 |     390 |  79.4 |       8 |       3 |  27.3
            +---------+---------+-------+---------+---------+-------
